 Dungeon Crawl Stone Soup version 0.30-b1-2-g02819fbbbe (webtiles) character file.

Game seed: 16109904761053628422

335300 LLlMATKO the Severer (level 20, -9/289 HPs)
             Began as a Minotaur Berserker on June 17, 2023.
             Was a High Priest of Trog.
             Mangled by an ironbound frostheart (21 damage)
             ... on level 1 of the Vaults.
             The game lasted 01:04:07 (39574 turns).

LLlMATKO the Severer (Minotaur Berserker)          Turns: 39574, Time: 01:04:07

Health: -9/289     AC: 28    Str: 27    XL:     20   Next: 96%
Magic:  19/19      EV: 14    Int:  7    God:    Trog [*****.]
Gold:   3747       SH: 13    Dex: 11    Spells: 19/19 levels left

rFire   + . .        R - +4 broad axe (heavy)
rCold   + . .        Q - +0 kite shield
rNeg    + + .        m - +2 plate armour {rPois}
rPois   +            G - +0 hat {Int+3}
rElec   +            P - scarf {rC+ rF+}
rCorr   +            V - +2 pair of gloves "Zuar Del" {+Blink rN+ Stlth+}
SInv    +            v - +2 pair of boots
Will    +....        I - amulet of regeneration Stlth
                     Z - ring of see invisible
HPRegen 1.48/turn    L - ring "Jeeps" {rElec rN+ rCorr Dex-3}
MPRegen 0.16/turn

%: no passive effects
@: berserking (expiring), very quick
A: horns 2, retaliatory headbutt
}: 2/15 runes: barnacled, gossamer
a: Renounce Religion, Evoke Blink, Berserk, Trog's Hand, Brothers in Arms


You were on level 1 of the Vaults.
You worshipped Trog.
Trog was extremely pleased with you.
You visited 7 branches of the dungeon, and saw 32 of its levels.
You visited 1 bazaar.
You also visited: Sewer, Bailey and Ice Cave.

You collected 3747 gold pieces.

Inventory:

Hand Weapons
 h - the +9 spear of the Elven Halls {speed, Str+8 Dex+6}
   (You found it on level 4 of the Shoals)

   Str:       It affects your strength (+8).
   Dex:       It affects your dexterity (+6).
 N - a +2 whip of electrocution
 R - a +4 heavy broad axe (weapon)
 Y - a +7 battleaxe of freezing
Missiles
 a - 7 silver javelins
 g - 27 poisoned darts (quivered)
 E - 5 throwing nets
 J - 12 javelins
 O - 3 curare-tipped darts
 U - 8 atropa-tipped darts
Armour
 m - a +2 plate armour of poison resistance (worn)
 v - a +2 pair of boots (worn)
 D - a +0 plate armour of cold resistance
 G - a +0 hat of intelligence (worn)
 P - a scarf of resistance (worn)
 Q - a +0 kite shield (worn)
 V - the +2 pair of gloves "Zuar Del" (worn) {+Blink rN+ Stlth+}
   (You found it on level 4 of the Spider Nest)

   rN:        It protects you from negative energy.
   +Blink:    It lets you blink.
   Stlth:     It makes you more stealthy.
Jewellery
 b - a ring of protection from cold
 l - a ring of protection from fire
 o - a ring of protection from cold
 w - a ring of protection from fire
 y - the ring "Elaira" {rF+ Will- rCorr Int-3 Dex+9}
   (You took it off a centaur warrior on level 14 of the Dungeon)

   [ring of resist corrosion]

   Int:       It affects your intelligence (-3).
   Dex:       It affects your dexterity (+9).
   rF:        It protects you from fire.
   rCorr:     It protects you from acid and corrosion.
   Will:      It decreases your willpower.
 I - an amulet of regeneration (around neck)
 L - the ring "Jeeps" (right hand) {rElec rN+ rCorr Dex-3}
   (You acquired it on level 12 of the Dungeon)

   [ring of positive energy]

   Dex:       It affects your dexterity (-3).
   rElec:     It insulates you from electricity.
   rN:        It protects you from negative energy.
   rCorr:     It protects you from acid and corrosion.
 Z - a ring of see invisible (left hand)
Wands
 i - a wand of digging (5)
 j - a wand of polymorph (10)
 s - a wand of roots (37)
 A - a wand of charming (21)
 M - a wand of mindburst (46)
 S - a wand of flame (18)
 T - a wand of quicksilver (10)
Scrolls
 e - 13 scrolls of identify
 f - a scroll of enchant armour
 k - 14 scrolls of blinking
 r - 2 scrolls of teleportation
 u - 5 scrolls of poison
 x - 2 scrolls of brand weapon
 z - 5 scrolls of fog
 C - a scroll of magic mapping
 F - 3 scrolls of enchant weapon
Potions
 c - 3 potions of invisibility
 n - 4 potions of ambrosia
 p - 9 potions of might
 q - 8 potions of flight
 t - 10 potions of curing
 B - 4 potions of cancellation
 K - a potion of heal wounds
 W - 3 potions of resistance
 X - 10 potions of haste


   Skills:
 + Level 20.0 Fighting
 + Level 20.0 Axes
 + Level 19.8 Armour
 + Level 18.3 Dodging
 + Level 15.7 Shields


You had 19 spell levels left.
You didn't know any spells.
Your spell library was empty.

Dungeon Overview and Level Annotations

Branches:
Dungeon (15/15)            Temple (0/1) D:5            Lair (5/5) D:11
 Shoals (4/4) Lair:2       Spider (4/4) Lair:2        Slime (0/5) Lair:4
    Orc (2/2) D:12            Elf (0/3) Orc:2        Vaults (1/5) D:13
 Depths (1/4) D:15          Sewer (visited)          Bailey (visited)
  IceCv (visited)

Altars:
Dithmenos
Elyvilon
Okawaru
Yredelemnul
The Shining One
Jiyva

Shops:
D:5 !   D:6 *   Orc:2 (?*?(   Shoals:2 *

Portals:
Trove: D:14 (give 2 scrolls of acquirement)

Annotations:
D:14 2 transporters, Cicylist's ghost, journeyman FoFi


Innate Abilities, Weirdness & Mutations

You have a pair of horns on your head.
You reflexively headbutt those who attack you in melee.


Message History

Unknown command.
You slice the vault warden!!
The vault warden is severely wounded.
You slice the ironbound convoker!! You block the vault warden's attack.
The ironbound convoker hits you but does no damage.
The vault warden hits you with a +0 great sword!
* * * LOW HITPOINT WARNING * * *
The ironbound frostheart calls freezing cold from the walls.
The frost grips you! You resist.
* * * LOW HITPOINT WARNING * * *
You hit the vault warden. Your headbutt misses the vault warden.
The vault warden is severely wounded.
You completely miss the ironbound convoker.
The vault sentinel blows a loud note on a signal horn!
You block the vault warden's attack. The ironbound convoker misses you.
Unknown command.
You slash the vault warden!
The vault warden is almost dead.
You slice the ironbound convoker!!
You kill the ironbound convoker!
Trog accepts your kill.
Trog appreciates your killing of a magic user.
Your skin stops crawling.
You feel less strong-willed. You block the vault warden's attack.
The vault warden hits you with a +0 great sword!!!
* * * LOW HITPOINT WARNING * * *
Your Fighting skill increases to level 20!
You chop the vault warden into pieces!!!
You kill the vault warden!
Trog accepts your kill.
Trog appreciates your killing of a magic user.
Trog will now gift you melee weapons as you gain piety.
The runic seal fades away.
The ice encasing you melts away.
You block the ironbound frostheart's attack.
Items here: ))) [[ ††.
You closely miss the ironbound frostheart.
Something unseen opens the door.
You block the vault warden's attack. The ironbound frostheart touches you!!
You die...

### ... ..
#########'#####
#....))pp.....#
#.∩.p@###.....#
#.....# .!..#
#...### ...#
#.).†.# ..#
#.##### .# #. #
#. #.


You could see a vault warden, an ironbound frostheart (strong) and a vault
sentinel (strong).

Vanquished Creatures
  Mara (Shoals:4)
  Nikola (Spider:1)
  A kraken (Shoals:4)
  Polyphemus (Shoals:4)
  Roxanne (Spider:1)
  Ilsuiw (Shoals:4)
  A frost giant (Vaults:1)
  2 emperor scorpions
  Aizul (Spider:1)
  6 ghost moths
  4 vault wardens (Vaults:1)
  3 orc warlords
  2 ironbound preservers (Vaults:1)
  A dire elephant (Lair:4)
  A minotaur (D:12)
  An ettin (Orc:1)
  5 merfolk javelineers
  Josephine (Lair:5)
  A yaktaur captain (Vaults:1)
  10 merfolk impalers
  2 entropy weavers
  2 fire dragons
  10 hydras
  2 ice dragons
  3 merfolk avatars
  2 vault guards (D:13)
  An alligator snapping turtle (Shoals:4)
  2 jorogumos (Spider:4)
  8 centaur warriors
  3 radroaches
  2 satyrs (Shoals:4)
  5 boulder beetles
  A catoblepas (Shoals:4)
  11 two-headed ogres
  An ironbound frostheart (Vaults:1)
  4 ogre magi (Orc:2)
  7 merfolk aquamancers
  2 tengu warriors
  11 death yaks
  2 orc high priests (Orc:1)
  Urug (Lair:1)
  Sonja (Lair:1)
  Nergalle (Lair:1)
  4 skysharks
  A skeletal warrior (D:14)
  12 sea snakes
  7 pharaoh ants
  A flayed ghost (D:14)
  9 orb spiders
  Pikel (D:7)
  31 harpies
  2 orc knights
  A wizard (D:13)
  2 ironbound convokers (Vaults:1)
  2 oklob plants (Lair:4)
  2 deep elf pyromancers
  A necromancer (D:13)
  An orc sorcerer (Orc:1)
  A lindwurm (Lair:5)
  15 wolf spiders
  16 manticores
  13 ugly things
  9 fauns
  9 cyclopes
  4 moths of wrath
  23 elephants
  Joseph (Lair:1)
  8 water nymphs
  2 ice statues (IceCv)
  7 merfolk sirens
  6 demonic crawlers
  6 black mambas
  A black mamba (shapeshifter) (D:15)
  9 cane toads
  5 torpor snails
  3 molten gargoyles (Lair:5)
  An unseen horror (D:11)
  2 gargoyles (D:12)
  2 kobold demonologists (D:11)
  11 komodo dragons
  A freezing wraith (D:14)
  2 rime drakes
  2 tengu conjurers
  A queen bee (Spider:4)
  A troll (shapeshifter) (D:13)
  9 meliai
  A hornet (shapeshifter) (D:13)
  4 polar bears
  A meliai (shapeshifter) (D:14)
  28 merfolk
  7 wind drakes
  A wolf spider simulacrum (D:14)
  10 snapping turtles
  22 tarantellas
  8 blink frogs
  Prince Ribbit (D:6)
  10 slime creatures
  12 jumping spiders
  2 centaur simulacra
  A spriggan (Lair:4)
  16 culicivoras
  37 yaks
  3 shadows
  12 water elementals
  6 wraiths
  19 humans (D:13)
  4 wyverns
  31 redbacks
  7 vampire mosquitoes
  3 steam dragons
  7 basilisks
  6 wargs
  Edmund (D:5)
  12 water moccasins
  3 acid dragons
  4 hell hounds (Lair:5)
  Duvessa (D:6)
  Pargi (Sewer)
  26 orc warriors
  An ice beast (D:6)
  2 sky beasts
  6 black bears
  7 wolves
  28 ogres
  A phantom (D:5)
  5 boggarts (D:14)
  9 centaurs
  6 bullfrogs
  4 kobold brigands
  Blork the orc (D:4)
  A gnoll sergeant (D:8)
  3 scorpions
  2 wyvern zombies (D:6)
  A water moccasin zombie (D:6)
  23 wights
  A hornet simulacrum (D:14)
  Dowan (D:6)
  16 killer bees
  5 howler monkeys
  3 electric eels
  5 lava snakes (Lair:5)
  2 bullfrog zombies (D:6)
  5 hounds
  2 jellies
  2 gnoll boudas
  10 orc priests
  Jessica (D:3)
  Terence (D:2)
  7 hell rats (Lair:5)
  An iguana (D:4)
  18 orc wizards
  A sleepcap (D:7)
  A killer bee zombie (D:6)
  A wolf simulacrum (IceCv)
  16 gnolls
  11 adders
  A white imp (D:8)
  An ufetubus (D:5)
  5 worms
  4 dart slugs
  71 orcs
  6 ball pythons
  6 bats
  4 endoplasms
  10 giant cockroaches
  11 goblins
  5 hobgoblins
  11 jackals (D:1)
  34 kobolds
  2 quokkas
  4 frilled lizards
  12 rats
  2 tentacles (Shoals:4)
1082 creatures vanquished.

Vanquished Creatures (collateral kills)
  A merfolk impaler (Shoals:4)
  A satyr (Shoals:3)
  3 two-headed ogres
  A harpy (Shoals:4)
  A necromancer (D:13)
  A faun (Shoals:3)
  A manticore (Shoals:4)
  A merfolk siren (Shoals:2)
  A wind drake (Shoals:4)
  2 merfolk
  A snapping turtle (Shoals:2)
  An orc warrior (Orc:1)
  2 ogres (Orc:2)
  A cane toad simulacrum (IceCv)
  An orc wizard (Orc:1)
  An orc (Orc:1)
20 creatures vanquished.

Vanquished Creatures (others)
  A harpy (Shoals:4)
  A faun (Shoals:2)
  A cyclops (Shoals:4)
  A merfolk (Shoals:4)
  An orc (Orc:2)
  2 kobolds (D:11)
  77 fungi
  163 plants
  13 tentacles (Shoals:4)
260 creatures vanquished.

Grand Total: 1362 creatures vanquished

Notes
Turn   | Place    | Note
-------+----------+-------------------------------------------
     0 | D:1      | LLlMATKO the Minotaur Berserker began the quest for the
                  | Orb.
     0 | D:1      | Reached XP level 1. HP: 19/19 MP: 0/0
   106 | D:1      | Reached XP level 2. HP: 27/27 MP: 1/1
   391 | D:1      | Reached ** piety under Trog
   408 | D:1      | Reached XP level 3. HP: 33/33 MP: 2/2
   460 | D:1      | Found a faded altar of an unknown god.
   848 | D:2      | Noticed Terence
   858 | D:2      | Killed Terence
   859 | D:2      | Reached XP level 4. HP: 41/41 MP: 3/3
  1612 | D:3      | Noticed a scorpion
  1616 | D:3      | Killed a scorpion
  1617 | D:3      | Reached XP level 5. HP: 47/47 MP: 4/4
  1660 | D:3      | Found a glowing drain.
  1670 | D:3      | Reached *** piety under Trog
  1677 | Sewer    | Entered a sewer
  1762 | Sewer    | Noticed Pargi
  1771 | Sewer    | Killed Pargi
  1772 | Sewer    | Reached skill level 5 in Fighting
  1772 | Sewer    | Reached skill level 5 in Axes
  1772 | Sewer    | Reached XP level 6. HP: 56/56 MP: 5/5
  2271 | D:3      | Noticed Jessica
  2277 | D:3      | Killed Jessica
  2615 | D:4      | Noticed Blork the orc
  2626 | D:4      | Killed Blork the orc
  2846 | D:4      | Reached skill level 5 in Armour
  2846 | D:4      | Reached XP level 7. HP: 35/62 MP: 6/6
  3866 | D:5      | Entered Level 5 of the Dungeon
  3948 | D:5      | Reached skill level 5 in Dodging
  4044 | D:5      | Found a staircase to the Ecumenical Temple.
  4183 | D:5      | Found Doaxa's Distillery.
  4243 | D:5      | Noticed Edmund
  4253 | D:5      | Killed Edmund
  4254 | D:5      | Reached XP level 8. HP: 45/71 MP: 7/7
  4602 | D:6      | Noticed Dowan
  4604 | D:6      | Noticed Duvessa
  4611 | D:6      | Killed Dowan
  4615 | D:6      | Killed Duvessa
  4797 | D:6      | Found a basalt altar of Yredelemnul.
  5009 | D:6      | Reached XP level 9. HP: 58/81 MP: 8/8
  5150 | D:6      | Found Dicah's Serpentskin Sales.
  5158 | D:6      | Reached **** piety under Trog
  5685 | D:6      | Noticed Prince Ribbit
  5692 | D:6      | Killed Prince Ribbit
  6297 | D:7      | Noticed Pikel
  6314 | D:7      | Killed Pikel
  6540 | D:7      | Reached XP level 10. HP: 82/91 MP: 9/9
  7281 | D:8      | Reached ***** piety under Trog
  7600 | D:8      | Reached skill level 10 in Fighting
  7745 | D:9      | Reached skill level 10 in Axes
  8163 | D:9      | Found a shadowy altar of Dithmenos.
  8245 | D:9      | Reached skill level 10 in Armour
  8698 | D:10     | Entered Level 10 of the Dungeon
  8768 | D:10     | Found a flagged portal.
  8779 | D:10     | Received a gift from Trog
  8799 | Bailey   | Entered a bailey
  8812 | Bailey   | Noticed an orc warlord
  8874 | Bailey   | Found a runed translucent gate.
  8877 | Bailey   | Found a runed translucent gate.
  8883 | Bailey   | Found a runed translucent gate.
  9214 | Bailey   | Killed an orc warlord
  9215 | Bailey   | Reached XP level 11. HP: 56/101 MP: 3/10
  9379 | Bailey   | Identified the +0 ring mail of Patterns {-Cast Str+5}
 10129 | D:11     | Reached skill level 10 in Dodging
 10149 | D:11     | Found a frozen archway.
 10150 | D:11     | Noticed an ice dragon
 10164 | D:11     | Killed an ice dragon
 10330 | IceCv    | Entered an ice cave
 10330 | IceCv    | Noticed a white ugly thing
 10337 | IceCv    | Killed a white ugly thing
 10339 | IceCv    | Found a transporter.
 10383 | IceCv    | Noticed a white ugly thing
 10386 | IceCv    | Found a transporter.
 10435 | IceCv    | Killed a white ugly thing
 10854 | D:11     | Found a staircase to the Lair.
 11032 | D:11     | Noticed a two-headed ogre
 11039 | D:11     | Killed a two-headed ogre
 11159 | D:11     | Found a white marble altar of Elyvilon.
 11216 | D:11     | Reached XP level 12. HP: 83/113 MP: 11/11
 11748 | D:12     | Identified a scroll of acquirement
 11748 | D:12     | Acquired the ring "Jeeps" {rElec rN+ rCorr Dex-3}
 11759 | D:12     | Identified the ring "Neojem" {Wiz Str+3}
 11794 | D:12     | HP: 1/113 [orc wizard/the +10 dark maul {heavy} (60)]
 12087 | D:12     | Found a staircase to the Orcish Mines.
 12296 | D:12     | Noticed a centaur warrior
 12304 | D:12     | Killed a centaur warrior
 12454 | D:12     | Found a glowing golden altar of the Shining One.
 12606 | D:12     | Identified the +7 rapier "Isayckem" {venom, rPois rF+}
 12654 | D:12     | Found a runed translucent door.
 12739 | D:12     | Noticed a centaur warrior
 12750 | D:12     | Killed a centaur warrior
 13072 | D:12     | Noticed a minotaur
 13080 | D:12     | Killed a minotaur
 13276 | D:12     | Reached XP level 13. HP: 123/123 MP: 12/12
 13414 | D:13     | Received a gift from Trog
 14240 | D:13     | Found a gate to the Vaults.
 14720 | D:14     | Reached XP level 14. HP: 89/133 MP: 13/13
 15004 | D:14     | Found an iron altar of Okawaru.
 15484 | D:14     | Found a transporter.
 15489 | D:14     | Noticed Cicylist's ghost (journeyman FoFi)
 15592 | D:14     | Found a portal to a secret trove of treasure.
 15607 | D:14     | Reached skill level 15 in Fighting
 15610 | D:14     | Reached skill level 15 in Axes
 15810 | D:14     | Found a transporter.
 16110 | D:14     | Reached skill level 15 in Armour
 16186 | D:14     | Found a transporter.
 16270 | D:14     | Found a transporter.
 16429 | D:14     | Found an iron altar of Okawaru.
 16573 | D:14     | Identified the ring "Elaira" {rF+ Will- rCorr Int-3 Dex+9}
 16840 | D:14     | Found a portal to a secret trove of treasure.
 17008 | D:14     | Found a transporter.
 17028 | D:14     | Found a transporter.
 17252 | D:14     | Found an iron altar of Okawaru.
 17504 | D:14     | Found a portal to a secret trove of treasure.
 17808 | D:15     | Entered Level 15 of the Dungeon
 18467 | D:15     | Found a staircase to the Depths.
 19523 | Lair:1   | Entered Level 1 of the Lair of Beasts
 19736 | Lair:1   | Noticed Urug
 19743 | Lair:1   | Killed Urug
 19848 | Lair:1   | Noticed Joseph
 19856 | Lair:1   | Killed Joseph
 19936 | Lair:1   | Noticed Sonja
 19945 | Lair:1   | Killed Sonja
 20231 | Lair:1   | Noticed Nergalle
 20240 | Lair:1   | Killed Nergalle
 20616 | Lair:2   | Found a hole to the Spider Nest.
 20630 | Lair:2   | Reached XP level 15. HP: 129/144 MP: 14/14
 20688 | Lair:2   | Found a staircase to the Shoals.
 20711 | Lair:2   | Reached XP level 16. HP: 130/151 MP: 15/15
 20826 | Lair:2   | Received a gift from Trog
 21476 | Lair:3   | Reached skill level 15 in Dodging
 22155 | Lair:3   | Reached skill level 10 in Shields
 22155 | Lair:3   | Reached XP level 17. HP: 160/160 MP: 16/16
 22510 | Lair:4   | Found a viscous altar of Jiyva.
 22510 | Lair:4   | Found a staircase to the Slime Pits.
 23119 | Lair:5   | Entered Level 5 of the Lair of Beasts
 23379 | Lair:5   | Identified the +8 flail "Wiapet" {flame, rPois rC++ Int+2
                  | Stlth+}
 23470 | Lair:5   | Noticed Josephine
 23477 | Lair:5   | Killed Josephine
 24373 | Lair:5   | Found a large runed translucent door.
 24374 | Lair:5   | Found a large runed translucent door.
 24702 | Orc:1    | Entered Level 1 of the Orcish Mines
 24744 | Orc:2    | Entered Level 2 of the Orcish Mines
 24849 | Orc:1    | Reached ****** piety under Trog
 24940 | Orc:1    | Found a transporter.
 25071 | Orc:1    | Received a gift from Trog
 25254 | Orc:1    | Found a transporter.
 25769 | Orc:2    | Found Zaihi Gick's Antique Weapon Emporium.
 25808 | Orc:2    | Reached XP level 18. HP: 158/170 MP: 17/17
 25816 | Orc:2    | Received a gift from Trog
 25869 | Orc:2    | Paralysed by an ogre mage for 3 turns
 25958 | Orc:2    | Found a staircase to the Elven Halls.
 26016 | Orc:2    | Found Wonou's Assorted Antiques.
 26016 | Orc:2    | Found Ynaden's Antique Weapon Boutique.
 26016 | Orc:2    | Found Acacs's Magic Scroll Shop.
 26016 | Orc:2    | Found Zadiomoe's Magic Scroll Shoppe.
 26393 | Orc:2    | Found a staircase to the Elven Halls.
 26493 | Orc:2    | Found Wonou's Assorted Antiques.
 26493 | Orc:2    | Found Ynaden's Antique Weapon Boutique.
 26494 | Orc:2    | Found Acacs's Magic Scroll Shop.
 26494 | Orc:2    | Found Zadiomoe's Magic Scroll Shoppe.
 26505 | Orc:2    | Found Zaihi Gick's Antique Weapon Emporium.
 27021 | Shoals:1 | Entered Level 1 of the Shoals
 27046 | Spider:1 | Entered Level 1 of the Spider Nest
 27141 | Spider:1 | You fall into a shaft and drop 1 floor!
 27305 | Spider:1 | Noticed Nikola
 27591 | Spider:1 | Killed Nikola
 27919 | Spider:1 | Noticed Aizul
 27930 | Spider:1 | Killed Aizul
 28451 | Spider:1 | Identified Roxanne's Information on Therianthropy
 28451 | Spider:1 | Noticed Roxanne
 28471 | Spider:1 | Killed Roxanne
 31208 | Spider:4 | Entered Level 4 of the Spider Nest
 31580 | Spider:4 | Received a gift from Trog
 32279 | Spider:4 | Identified the +2 leather armour "Urouts" {Dex+2}
 32905 | Spider:4 | Paralysed by a jorogumo for 1 turns
 33261 | Spider:4 | Got a gossamer rune of Zot
 33263 | Spider:4 | Identified the +2 pair of gloves "Zuar Del" {+Blink rN+
                  | Stlth+}
 33429 | Spider:4 | Reached XP level 19. HP: 181/181 MP: 18/18
 34136 | Shoals:1 | Reached XP level 20. HP: 180/189 MP: 19/19
 35158 | Shoals:2 | You fall into a shaft and drop 1 floor!
 35243 | Shoals:4 | Entered Level 4 of the Shoals
 35307 | Shoals:2 | Found Eruni's General Store.
 35869 | Shoals:3 | Received a gift from Trog
 35961 | Shoals:3 | Found a gateway to a bazaar.
 36030 | Bazaar   | Entered a bazaar
 36044 | Bazaar   | Found Mintaecw's Assorted Antiques.
 36060 | Bazaar   | Found Jivir's Antique Armour Emporium.
 36060 | Bazaar   | Found Vyiqoak's Book Shoppe.
 36082 | Bazaar   | Found Susok's General Store.
 36082 | Bazaar   | Found Asio's Book Shoppe.
 36104 | Bazaar   | Found Oblethut's Weapon Emporium.
 37207 | Shoals:4 | Noticed Mara
 37223 | Shoals:4 | Killed Mara
 37226 | Shoals:4 | Noticed Ilsuiw
 37250 | Shoals:4 | Noticed Polyphemus
 37339 | Shoals:4 | Killed Ilsuiw
 37426 | Shoals:4 | Reached skill level 15 in Shields
 38265 | Shoals:4 | Identified the +9 spear of the Elven Halls {speed, Str+8
                  | Dex+6}
 38355 | Shoals:4 | Killed Polyphemus
 38479 | Shoals:4 | Identified the staff of air "Silomos" {rElec Int+3 Stlth+}
 38804 | Shoals:4 | Got a barnacled rune of Zot
 39448 | Depths:1 | Entered Level 1 of the Depths
 39522 | Vaults:1 | Entered Level 1 of the Vaults
 39571 | Vaults:1 | HP: 9/289 [vault warden/+0 great sword (42)]
 39574 | Vaults:1 | Mangled by an ironbound frostheart

Illustrated notes

Levels and vault maps discovered:
D:1:      giann_bridges, layout_basic, hellmonk_ecumenical_altar_dog_temple
D:2:      layout_basic, corexii_corridor_pit, hex_medium, uniq_terence
D:3:      layout_loops_ring, cheibrodos_sewer_entry_drain, nrook_mini_backslash,
          uniq_jessica
D:4:      kennysheep_kobold_camp, layout_gridville, uniq_blork_the_orc
D:5:      layout_cave_pools, minmay_temple_entry_offerings, serial_shops, shop,
          uniq_edmund
D:6:      layout_basic, nicolae_yredelemnul_corpse_copse, fountainhead,
          guppyfry_shop_venom, uniq_prince_ribbit1, uniq_duvessa
D:7:      layout_gridville, uniq_pikel
D:8:      layout_loops_ring
D:9:      layout_roguey, nicolae_dithmenos_shadow_blocks, minmay_quadrilaterals
D:10:     layout_roguey, enter_bailey_5
D:11:     layout_cross, lair_entry_dummy,
          portal_ice_cave_entry_animals_and_master, elyvilon_altar_5
D:12:     dreamdust_labyrinth, layout_loops_ring, minmay_orc_entry_guard_dogs,
          nicolae_tso_swordbearing_angel
D:13:     layout_loops_corners, grunt_vaults_entry_tiered,
          kennysheep_pointless_box
D:14:     layout_stronghold, gammafunk_ghost_berserking_beasts,
          okawaru_metal_pillars_1_2, enter_trove_3, minmay_pinched_square
D:15:     grunt_enter_depths_hoard, layout_stronghold, amethyst_killhole
Lair:1:   layout_cellular_growth, uniq_joseph, uniq_nergalle, uniq_urug,
          uniq_sonja
Lair:2:   layout_big_grid, elwin_shoals_entry_stream,
          nicolae_spider_entry_non_spiders, lemuel_fruit_tree,
          serial_bayou_shore_b
Lair:3:   layout_small_grid, serial_bayou_shore_b
Lair:4:   mu_elephants_graveyard, layout_regular_city,
          minmay_slime_entry_oklob_enclosed, beast_lair_carwin_2
Lair:5:   cheibrodos_lair_end_hotspot, layout_gridlike, uniq_josephine
Shoals:1: layout_shoals
Shoals:2: layout_shoals, serial_shops, nicolae_shop_tiny_real_fake_doors
Shoals:3: nicolae_shoals_aurelia_aurita, layout_shoals, serial_shops,
          bzr_entry_safe
Shoals:4: shoals_end_simple, layout_shoals, shoals_ilsuiw_alternative,
          uniq_mara, uniq_polyphemus
Spider:1: layout_chambers, uniq_aizul, uniq_nikola, uniq_roxanne
Spider:2: layout_chambers, hangedman_spider_tarantella_strand
Spider:3: layout_spider_delve, nicolae_spider_nooks_and_crannies
Spider:4: grunt_spider_rune_island, hive_lemuel
Orc:1:    gammafunk_beogh_shrine, layout_diamond_mine
Orc:2:    st_orc_ogre_mass, layout_diamond_mine, serial_shops,
          nicolae_shop_hallway_plus
Vaults:1: v_rooms_4, nicolae_vaults_network_star,
          vaults_mumra_minichess_inversion, nicolae_vaults_heart-shaped_vault,
          nicolae_vaults_diffraction_hallways, vaults_mumra_chevron,
          nicolae_vaults_tangram_1, nicolae_vaults_alarming,
          nicolae_vaults_trapezoid_1, layout_vaults_omnigrid, serial_shops,
          nicolae_shop_overgrown_old_shop
Depths:1: layout_cave_pools, grunt_hell_entry_dis_old, minmay_gold_behind_fungi,
          minmay_curled_crystal, xom_confusion_cloud

Skill      XL: |  1  2  3  4  5  6  7  8  9 10 11 12 13 14 15 16 17 18 19 20 |
---------------+-------------------------------------------------------------+-----
Axes           | 4 5 6 8 9 10 12 13 14 16 17 18 20 | 20.0
Fighting       | 4 5 6 8 9 10 12 13 14 16 17 18 20 | 20.0
Armour         | 3 4 5 6 7 9 10 12 13 14 15 16 17 18 19 | 19.8
Dodging        | 3 4 5 6 8 9 11 12 13 14 15 17 18 | 18.3
Shields        | 6 10 11 13 14 15 | 15.7

Action                     |  1- 3 |  4- 6 |  7- 9 | 10-12 | 13-15 | 16-18 | 19-21 || total
---------------------------+-------+-------+-------+-------+-------+-------+-------++-------
  Melee: Hand axe          |    84 |   107 |   304 |       |       |       |       ||   495
         Headbutt          |    10 |    15 |    68 |    61 |   110 |   213 |   129 ||   606
         Punch             |       |     3 |     4 |       |       |       |       ||     7
         Battleaxe         |       |       |       |   291 |    92 |       |       ||   383
         Executioner's axe |       |       |       |    33 |   177 |       |       ||   210
         Broad axe         |       |       |       |       |    79 |   858 |   581 ||  1518
         Whip              |       |       |       |       |    72 |    27 |       ||    99
         Spear             |       |       |       |       |       |    20 |       ||    20
  Throw: Boomerang         |       |     1 |       |     5 |       |       |       ||     6
         Javelin           |       |       |       |     1 |     4 |     9 |       ||    14
         Dart              |       |       |       |       |       |    15 |   105 ||   120
 Invoke: Berserk           |     1 |     3 |     8 |     8 |    11 |    14 |    15 ||    60
         Trog's Hand       |       |       |       |     3 |     1 |     5 |     9 ||    18
         Brothers in Arms  |       |       |       |     1 |     2 |     6 |     5 ||    14
  Evoke: Wand              |       |       |       |       |       |     1 |       ||     1
    Use: Scroll            |       |     3 |       |    25 |     2 |     8 |     7 ||    45
         Potion            |       |       |       |     1 |     2 |     5 |       ||     8
   Stab: Distracted        |       |       |       |       |     1 |       |       ||     1
 Armour: Animal skin       |     2 |       |       |       |       |       |       ||     2
         Plate armour      |    63 |    68 |   112 |   198 |   343 |   492 |   376 ||  1652
  Dodge: Dodged            |    51 |    33 |   101 |   167 |   306 |   484 |   376 ||  1518
  Block: Kite shield       |       |       |       |       |       |   538 |   546 ||  1084
